[ AOE2 MATCH · #475718015 ]
UnrankedGoths vs Britons
[ REPLAY ANALYSIS · EXTRACTED FROM THE RECORDED GAME ]
Feudal
—
Castle
—
Imperial
—
| APM avg | 20.0 |
| APM peak | 43 |
| eAPM avg | 12.1 |
| Villagers / military | 109 / 75 |
Focus
⚔️ 36.4% · 🌾 63.6%
Huskarl ×35 · Militia ×26 · Archer ×6 · Skirmisher ×3 · Trebuchet (Packed) ×3 · Monk ×2
Feudal
17:05
Castle
28:10
Imperial
39:23
| APM avg | 12.8 |
| APM peak | 26 |
| eAPM avg | 9.1 |
| Villagers / military | 75 / 19 |
Focus
⚔️ 20.1% · 🌾 79.9%
Scorpion ×12 · Trebuchet (Packed) ×5 · Monk ×1 · Mangonel ×1
Feudal
12:25
Castle
18:44
Imperial
34:52
| APM avg | 33.9 |
| APM peak | 75 |
| eAPM avg | 21.2 |
| Villagers / military | 98 / 189 |
Focus
⚔️ 40.1% · 🌾 59.9%
Knight ×69 · Skirmisher ×66 · Spearman ×26 · Conquistador ×13 · Monk ×5 · Trebuchet (Packed) ×4
Feudal
14:04
Castle
19:54
Imperial
45:22
| APM avg | 22.6 |
| APM peak | 60 |
| eAPM avg | 12.9 |
| Villagers / military | 82 / 113 |
Focus
⚔️ 26.0% · 🌾 74.0%
Steppe Lancer ×41 · Camel Scout ×40 · Mangudai ×25 · Scout Cavalry ×4 · Trebuchet (Packed) ×3
Match map
Initial resources + every placement click. Lines = walls · curves = elevation contours. ◆ gold · ⬟ stone · ● berries · ✦ relic · ◌ wall gap
Inputs per minute
— SensoryCard9723 - - wangzijia313
Build order — SensoryCard9723
First 150 of 275 actions detected
| 0:01 | Create | Villager (Male) |
| 0:01 | Create | Villager (Male) |
| 0:02 | Build | House |
| 0:05 | Build | House |
| 0:05 | Create | Villager (Male) |
| 0:05 | Create | Villager (Male) |
| 0:10 | Research | Loom |
| 0:29 | Build | Palisade Wall |
| 0:34 | Create | Villager (Male) |
| 0:35 | Create | Villager (Male) |
| 0:42 | Create | Villager (Male) |
| 1:05 | Create | Villager (Male) |
| 2:50 | Create | Villager (Male) |
| 2:54 | Create | Villager (Male) |
| 3:27 | Create | Villager (Male) |
| 3:54 | Create | Villager (Male) |
| 4:25 | Create | Villager (Male) |
| 5:00 | Create | Villager (Male) |
| 5:26 | Build | Mill |
| 6:33 | Build | Lumber Camp |
| 6:50 | Create | Villager (Male) |
| 7:23 | Build | Palisade Wall |
| 9:12 | Create | Villager (Male) |
| 9:37 | Build | Palisade Wall |
| 10:31 | Build | Palisade Wall |
| 10:37 | Create | Villager (Male) |
| 10:57 | Build | Palisade Wall |
| 11:01 | Create | Villager (Male) |
| 11:22 | Create | Villager (Male) |
| 12:31 | Create | Villager (Male) |
| 12:38 | Build | House |
| 12:41 | Build | House |
| 12:47 | Create | Villager (Male) |
| 13:06 | Create | Villager (Male) |
| 13:28 | Create | Villager (Male) |
| 14:01 | Create | Villager (Male) |
| 14:04 | Create | Villager (Male) |
| 14:46 | Build | Farm |
| 15:01 | Create | Villager (Male) |
| 15:30 | Create | Villager (Male) |
| 15:35 | Build | Barracks |
| 15:45 | Create | Villager (Male) |
| 16:12 | Create | Villager (Male) |
| 16:24 | Build | Mining Camp |
| 16:39 | Create | Villager (Male) |
| 16:40 | Research | Feudal Age |
| 16:46 | Create | Militia |
| 16:46 | Create | Militia |
| 16:46 | Create | Militia |
| 17:24 | Create | Militia |
| 17:44 | Build | House |
| 17:45 | Build | House |
| 18:04 | Create | Militia |
| 18:25 | Create | Villager (Male) |
| 18:35 | Create | Militia |
| 19:01 | Create | Villager (Male) |
| 19:09 | Build | Lumber Camp |
| 19:30 | Create | Militia |
| 19:31 | Research | Man-at-Arms (upgrade) |
| 19:42 | Build | Farm |
| 19:54 | Build | Farm |
| 20:15 | Build | Farm |
| 20:24 | Create | Villager (Male) |
| 20:30 | Build | Farm |
| 20:40 | Create | Militia |
| 20:40 | Create | Militia |
| 20:53 | Build | Farm |
| 20:58 | Build | Farm |
| 21:17 | Create | Villager (Male) |
| 21:24 | Build | Farm |
| 21:25 | Research | Horse Collar |
| 21:38 | Create | Villager (Male) |
| 21:51 | Build | Farm |
| 21:54 | Create | Militia |
| 22:14 | Create | Villager (Male) |
| 22:19 | Build | Farm |
| 22:41 | Build | Farm |
| 22:44 | Build | House |
| 22:46 | Build | House |
| 22:50 | Create | Villager (Male) |
| 22:56 | Build | Farm |
| 23:08 | Research | Double-Bit Axe |
| 23:22 | Create | Villager (Male) |
| 23:29 | Build | Farm |
| 23:45 | Build | Farm |
| 23:53 | Create | Villager (Male) |
| 24:16 | Create | Villager (Male) |
| 24:24 | Create | Villager (Male) |
| 24:28 | Build | Farm |
| 24:34 | Create | Militia |
| 24:53 | Build | Archery Range |
| 25:00 | Research | Wheelbarrow |
| 25:26 | Create | Villager (Male) |
| 25:57 | Build | Blacksmith |
| 26:12 | Create | Villager (Male) |
| 26:22 | Create | Archer |
| 26:22 | Create | Archer |
| 26:59 | Create | Villager (Male) |
| 27:06 | Build | Mining Camp |
| 27:13 | Create | Villager (Male) |
| 27:16 | Build | Farm |
| 27:20 | Create | Archer |
| 27:33 | Build | House |
| 27:34 | Build | House |
| 27:48 | Build | Farm |
| 28:14 | Research | Castle Age |
| 28:40 | Create | Skirmisher |
| 28:40 | Create | Skirmisher |
| 28:48 | Build | Farm |
| 29:11 | Create | Villager (Male) |
| 29:36 | Create | Skirmisher |
| 29:40 | Create | Militia |
| 29:50 | Create | Villager (Male) |
| 30:05 | Create | Villager (Male) |
| 30:27 | Build | Market |
| 31:07 | Build | Town Center |
| 31:23 | Create | Villager (Male) |
| 31:49 | Create | Villager (Male) |
| 32:08 | Create | Villager (Male) |
| 32:32 | Build | Castle |
| 32:36 | Create | Villager (Male) |
| 32:37 | Create | Villager (Male) |
| 32:55 | Create | Villager (Male) |
| 32:56 | Create | Villager (Male) |
| 32:58 | Research | Town Watch |
| 33:13 | Create | Militia |
| 33:14 | Research | Squires |
| 33:28 | Build | Monastery |
| 33:33 | Research | Heavy Plow |
| 33:49 | Create | Villager (Male) |
| 33:49 | Create | Villager (Male) |
| 33:54 | Build | House |
| 33:55 | Build | House |
| 34:05 | Create | Militia |
| 34:05 | Create | Militia |
| 34:14 | Research | Long Swordsman (upgrade) |
| 34:24 | Create | Villager (Male) |
| 34:25 | Create | Villager (Male) |
| 34:42 | Create | Villager (Male) |
| 34:43 | Create | Villager (Male) |
| 34:49 | Create | Monk |
| 35:09 | Create | Huskarl |
| 35:10 | Create | Huskarl |
| 35:10 | Create | Huskarl |
| 35:10 | Create | Huskarl |
| 35:15 | Create | Huskarl |
| 35:16 | Create | Villager (Male) |
| 35:17 | Create | Villager (Male) |
| 35:17 | Create | Villager (Male) |
| 35:29 | Create | Huskarl |
Build order — wangzijia313
First 150 of 224 actions detected
| 0:20 | Create | Villager (Male) |
| 0:21 | Research | Loom |
| 0:21 | Create | Villager (Male) |
| 0:22 | Create | Villager (Male) |
| 0:22 | Create | Villager (Male) |
| 0:43 | Build | House |
| 1:48 | Create | Villager (Male) |
| 1:57 | Build | House |
| 3:27 | Create | Villager (Male) |
| 4:02 | Create | Villager (Male) |
| 4:31 | Create | Villager (Male) |
| 5:19 | Create | Villager (Male) |
| 5:55 | Create | Villager (Male) |
| 6:14 | Create | Villager (Male) |
| 6:29 | Build | House |
| 7:29 | Create | Villager (Male) |
| 7:29 | Create | Villager (Male) |
| 8:23 | Create | Villager (Male) |
| 8:43 | Build | Mill |
| 9:14 | Build | Palisade Wall |
| 9:21 | Build | Building 796 |
| 9:41 | Create | Villager (Male) |
| 9:58 | Build | Palisade Wall |
| 10:23 | Build | House |
| 10:32 | Create | Villager (Male) |
| 10:44 | Build | Palisade Wall |
| 10:58 | Create | Villager (Male) |
| 11:32 | Create | Villager (Male) |
| 11:52 | Build | Lumber Camp |
| 12:41 | Create | Villager (Male) |
| 13:45 | Build | Mining Camp |
| 13:54 | Build | Mining Camp |
| 14:10 | Build | Mining Camp |
| 14:55 | Research | Feudal Age |
| 15:47 | Build | House |
| 17:04 | Build | House |
| 17:05 | Age | Feudal Age |
| 17:07 | Create | Villager (Male) |
| 17:08 | Create | Villager (Male) |
| 17:14 | Research | Double-Bit Axe |
| 17:40 | Create | Villager (Male) |
| 17:54 | Build | Watch Tower |
| 18:01 | Build | Blacksmith |
| 18:04 | Create | Villager (Male) |
| 18:05 | Create | Villager (Male) |
| 18:17 | Create | Villager (Male) |
| 18:56 | Build | Farm |
| 19:01 | Build | Farm |
| 19:02 | Create | Villager (Male) |
| 19:02 | Create | Villager (Male) |
| 19:03 | Create | Villager (Male) |
| 19:21 | Build | Stone Wall |
| 19:29 | Build | Building 673 |
| 19:43 | Build | Stone Wall |
| 19:56 | Build | Mining Camp |
| 19:58 | Create | Villager (Male) |
| 19:58 | Create | Villager (Male) |
| 20:12 | Build | Watch Tower |
| 20:24 | Create | Villager (Male) |
| 20:50 | Build | Lumber Camp |
| 20:56 | Build | Farm |
| 22:15 | Build | Farm |
| 22:17 | Build | Farm |
| 22:24 | Build | Farm |
| 22:28 | Build | Farm |
| 22:32 | Build | Farm |
| 22:35 | Create | Villager (Male) |
| 22:40 | Build | Farm |
| 22:46 | Build | Farm |
| 23:00 | Create | Villager (Male) |
| 23:11 | Build | Market |
| 23:14 | Create | Villager (Male) |
| 23:27 | Build | Building 490 |
| 23:31 | Build | Farm |
| 23:51 | Build | Stone Wall |
| 23:52 | Build | Stone Wall |
| 23:54 | Build | Stone Wall |
| 23:54 | Build | Stone Wall |
| 23:55 | Build | Stone Wall |
| 24:01 | Build | Farm |
| 24:10 | Create | Villager (Male) |
| 24:40 | Build | House |
| 24:41 | Build | House |
| 24:47 | Build | Farm |
| 25:30 | Research | Castle Age |
| 25:45 | Build | Stone Wall |
| 25:50 | Build | Building 490 |
| 25:58 | Build | Stone Wall |
| 26:04 | Research | Stone Mining |
| 26:26 | Research | Gold Mining |
| 27:05 | Research | Horse Collar |
| 27:10 | Research | Fletching |
| 27:50 | Build | House |
| 27:53 | Build | House |
| 27:57 | Create | Villager (Male) |
| 28:10 | Age | Castle Age |
| 28:13 | Research | Bow Saw |
| 28:20 | Build | Lumber Camp |
| 28:30 | Create | Villager (Male) |
| 28:40 | Build | House |
| 28:49 | Build | Town Center |
| 28:56 | Create | Villager (Male) |
| 29:12 | Build | Town Center |
| 29:15 | Create | Villager (Male) |
| 29:15 | Create | Villager (Male) |
| 29:24 | Research | Gold Shaft Mining |
| 29:54 | Build | Monastery |
| 30:01 | Create | Villager (Male) |
| 30:01 | Create | Villager (Male) |
| 30:56 | Create | Monk |
| 31:00 | Build | University |
| 31:07 | Create | Villager (Male) |
| 31:07 | Create | Villager (Male) |
| 31:07 | Create | Villager (Male) |
| 31:28 | Build | Farm |
| 31:37 | Create | Villager (Male) |
| 31:38 | Create | Villager (Male) |
| 31:38 | Create | Villager (Male) |
| 32:08 | Build | Farm |
| 32:11 | Research | Fortified Wall (upgrade) |
| 32:16 | Build | House |
| 32:16 | Build | House |
| 32:17 | Build | House |
| 32:23 | Build | Mining Camp |
| 32:26 | Build | Farm |
| 32:29 | Build | Farm |
| 32:31 | Create | Villager (Male) |
| 32:31 | Create | Villager (Male) |
| 32:32 | Create | Villager (Male) |
| 32:57 | Build | Castle |
| 33:11 | Build | Farm |
| 33:13 | Build | Farm |
| 33:17 | Build | Farm |
| 33:20 | Create | Villager (Male) |
| 33:20 | Create | Villager (Male) |
| 33:21 | Create | Villager (Male) |
| 33:46 | Create | Villager (Male) |
| 33:47 | Create | Villager (Male) |
| 33:47 | Create | Villager (Male) |
| 34:03 | Build | House |
| 34:06 | Build | House |
| 34:18 | Create | Villager (Male) |
| 34:18 | Create | Villager (Male) |
| 34:19 | Create | Villager (Male) |
| 34:47 | Build | Stone Wall |
| 34:53 | Build | Building 490 |
| 34:58 | Build | Stone Wall |
| 35:04 | Build | House |
| 35:05 | Build | House |
| 35:13 | Build | Farm |
Build order — castdaniel56
First 150 of 425 actions detected
| 0:02 | Create | Villager (Male) |
| 0:02 | Create | Villager (Male) |
| 0:03 | Create | Villager (Male) |
| 0:03 | Create | Villager (Male) |
| 0:03 | Create | Villager (Male) |
| 0:05 | Build | House |
| 0:06 | Build | House |
| 0:24 | Research | Loom |
| 0:42 | Create | Villager (Male) |
| 0:43 | Create | Villager (Male) |
| 1:05 | Build | Palisade Wall |
| 1:40 | Create | Villager (Male) |
| 1:41 | Create | Villager (Male) |
| 2:44 | Create | Villager (Male) |
| 2:44 | Create | Villager (Male) |
| 2:56 | Build | Palisade Wall |
| 2:58 | Create | Villager (Male) |
| 3:07 | Research | Loom |
| 3:20 | Create | Villager (Male) |
| 3:49 | Create | Villager (Male) |
| 4:37 | Build | Lumber Camp |
| 4:37 | Create | Villager (Male) |
| 5:06 | Create | Villager (Male) |
| 5:07 | Create | Villager (Male) |
| 5:33 | Create | Villager (Male) |
| 5:34 | Create | Villager (Male) |
| 6:00 | Create | Villager (Male) |
| 6:05 | Build | House |
| 6:10 | Research | Loom |
| 6:27 | Create | Villager (Male) |
| 6:32 | Build | Mill |
| 6:56 | Create | Villager (Male) |
| 6:57 | Create | Villager (Male) |
| 7:34 | Create | Villager (Male) |
| 7:38 | Build | House |
| 8:35 | Create | Villager (Male) |
| 8:36 | Create | Villager (Male) |
| 8:40 | Create | Villager (Male) |
| 8:44 | Create | Villager (Male) |
| 9:06 | Build | Mill |
| 9:58 | Research | Feudal Age |
| 10:03 | Build | Farm |
| 10:09 | Build | Farm |
| 10:22 | Build | Farm |
| 10:58 | Build | Farm |
| 10:58 | Build | Farm |
| 11:26 | Research | Loom |
| 11:30 | Build | House |
| 12:24 | Build | Mining Camp |
| 12:25 | Age | Feudal Age |
| 12:29 | Research | Double-Bit Axe |
| 12:35 | Build | Blacksmith |
| 12:49 | Create | Villager (Male) |
| 12:54 | Research | Horse Collar |
| 13:24 | Build | Market |
| 13:29 | Create | Villager (Male) |
| 13:50 | Create | Villager (Male) |
| 14:00 | Build | Farm |
| 14:22 | Build | Farm |
| 14:27 | Create | Villager (Male) |
| 14:35 | Build | Farm |
| 14:54 | Create | Villager (Male) |
| 15:07 | Build | Farm |
| 15:10 | Build | Farm |
| 15:22 | Create | Villager (Male) |
| 15:38 | Build | Mining Camp |
| 16:04 | Research | Castle Age |
| 16:04 | Research | Castle Age |
| 16:50 | Build | House |
| 17:00 | Research | Wheelbarrow |
| 17:55 | Research | Town Watch |
| 18:07 | Build | Barracks |
| 18:27 | Build | House |
| 18:44 | Age | Castle Age |
| 18:57 | Build | Stable |
| 19:42 | Build | Castle |
| 19:53 | Build | Palisade Wall |
| 19:56 | Create | Villager (Male) |
| 20:00 | Create | Villager (Male) |
| 20:10 | Research | Hand Cart |
| 20:18 | Research | Bloodlines |
| 20:19 | Research | Husbandry |
| 20:34 | Create | Villager (Male) |
| 21:21 | Create | Scout Cavalry |
| 21:22 | Create | Scout Cavalry |
| 21:22 | Create | Scout Cavalry |
| 21:42 | Create | Petard |
| 21:43 | Create | Petard |
| 22:06 | Create | Villager (Male) |
| 22:09 | Build | Farm |
| 22:10 | Build | Farm |
| 22:11 | Create | Villager (Male) |
| 22:14 | Create | Conquistador |
| 22:14 | Create | Conquistador |
| 22:29 | Build | Lumber Camp |
| 22:33 | Create | Villager (Male) |
| 22:39 | Create | Conquistador |
| 22:54 | Create | Villager (Male) |
| 23:02 | Build | Farm |
| 23:15 | Create | Conquistador |
| 23:15 | Create | Conquistador |
| 23:15 | Create | Conquistador |
| 23:36 | Create | Villager (Male) |
| 23:36 | Create | Villager (Male) |
| 23:51 | Create | Conquistador |
| 24:29 | Create | Petard |
| 24:45 | Create | Villager (Male) |
| 24:45 | Create | Villager (Male) |
| 24:46 | Create | Villager (Male) |
| 24:48 | Create | Conquistador |
| 24:49 | Create | Conquistador |
| 24:50 | Create | Conquistador |
| 24:51 | Create | Conquistador |
| 24:57 | Create | Villager (Male) |
| 25:01 | Build | Town Center |
| 25:46 | Create | Conquistador |
| 25:46 | Create | Conquistador |
| 26:22 | Create | Villager (Male) |
| 26:23 | Create | Villager (Male) |
| 26:36 | Create | Villager (Male) |
| 26:37 | Create | Villager (Male) |
| 26:43 | Build | Monastery |
| 27:01 | Create | Villager (Male) |
| 27:02 | Create | Villager (Male) |
| 27:02 | Create | Villager (Male) |
| 27:05 | Build | Farm |
| 27:06 | Build | Farm |
| 27:06 | Build | Farm |
| 27:21 | Create | Villager (Male) |
| 27:22 | Create | Villager (Male) |
| 27:24 | Build | House |
| 27:44 | Create | Villager (Male) |
| 27:45 | Create | Villager (Male) |
| 28:12 | Create | Villager (Male) |
| 28:41 | Create | Villager (Male) |
| 28:41 | Create | Villager (Male) |
| 28:41 | Create | Villager (Male) |
| 28:57 | Create | Villager (Male) |
| 28:57 | Create | Villager (Male) |
| 29:00 | Create | Monk |
| 29:00 | Create | Monk |
| 29:06 | Research | Bow Saw |
| 29:32 | Create | Villager (Male) |
| 29:35 | Build | Farm |
| 29:35 | Build | Farm |
| 29:35 | Build | Farm |
| 29:48 | Build | Farm |
| 29:49 | Build | Farm |
| 29:49 | Build | Farm |
| 29:49 | Build | Farm |
Build order — Zulrah
First 150 of 258 actions detected
| 0:02 | Build | House |
| 0:03 | Build | House |
| 0:06 | Create | Villager (Male) |
| 0:06 | Create | Villager (Male) |
| 0:06 | Create | Villager (Male) |
| 0:12 | Research | Loom |
| 0:12 | Create | Villager (Male) |
| 0:12 | Create | Villager (Male) |
| 0:38 | Create | Villager (Male) |
| 1:39 | Build | Palisade Wall |
| 2:55 | Create | Villager (Male) |
| 3:10 | Build | House |
| 3:12 | Build | House |
| 3:32 | Create | Villager (Male) |
| 3:32 | Create | Villager (Male) |
| 4:20 | Create | Villager (Male) |
| 4:20 | Create | Villager (Male) |
| 5:09 | Create | Villager (Male) |
| 5:59 | Create | Villager (Male) |
| 6:07 | Build | Lumber Camp |
| 6:53 | Create | Villager (Male) |
| 7:02 | Create | Villager (Male) |
| 7:03 | Create | Villager (Male) |
| 7:03 | Create | Villager (Male) |
| 7:03 | Create | Villager (Male) |
| 7:04 | Create | Villager (Male) |
| 7:40 | Create | Villager (Male) |
| 7:53 | Build | Mill |
| 8:37 | Create | Villager (Male) |
| 9:38 | Build | Building 796 |
| 9:49 | Create | Villager (Male) |
| 9:55 | Create | Villager (Male) |
| 11:04 | Create | Villager (Male) |
| 11:04 | Create | Villager (Male) |
| 11:05 | Create | Villager (Male) |
| 11:23 | Research | Feudal Age |
| 11:35 | Build | Mining Camp |
| 11:43 | Build | Mining Camp |
| 12:30 | Build | Mining Camp |
| 13:25 | Build | Farm |
| 13:26 | Build | Farm |
| 13:26 | Build | Farm |
| 13:27 | Build | Farm |
| 13:30 | Build | Farm |
| 14:04 | Age | Feudal Age |
| 14:04 | Research | Wheelbarrow |
| 14:09 | Create | Villager (Male) |
| 14:10 | Create | Villager (Male) |
| 14:16 | Build | Blacksmith |
| 14:30 | Build | House |
| 15:13 | Build | Market |
| 15:28 | Build | Building 490 |
| 15:34 | Build | Stone Wall |
| 15:36 | Build | Stone Wall |
| 15:40 | Build | Stone Wall |
| 15:42 | Build | Stone Wall |
| 15:43 | Build | Stone Wall |
| 15:46 | Build | Stone Wall |
| 15:47 | Build | Stone Wall |
| 15:48 | Build | Stone Wall |
| 15:57 | Create | Villager (Male) |
| 16:08 | Build | Mining Camp |
| 16:40 | Build | Farm |
| 16:46 | Build | Farm |
| 16:49 | Build | Farm |
| 16:58 | Build | Farm |
| 17:14 | Research | Castle Age |
| 17:55 | Research | Double-Bit Axe |
| 17:59 | Research | Horse Collar |
| 18:08 | Build | Farm |
| 18:11 | Build | Farm |
| 18:28 | Build | House |
| 18:55 | Research | Stone Mining |
| 18:59 | Research | Gold Mining |
| 19:54 | Age | Castle Age |
| 19:57 | Build | Town Center |
| 20:08 | Build | Town Center |
| 20:13 | Create | Villager (Male) |
| 20:13 | Create | Villager (Male) |
| 20:14 | Create | Villager (Male) |
| 21:05 | Create | Villager (Male) |
| 21:06 | Create | Villager (Male) |
| 21:06 | Create | Villager (Male) |
| 21:09 | Create | Villager (Male) |
| 21:18 | Create | Villager (Male) |
| 21:37 | Build | Stone Wall |
| 22:03 | Build | Barracks |
| 22:04 | Create | Villager (Male) |
| 22:05 | Create | Villager (Male) |
| 22:05 | Create | Villager (Male) |
| 22:10 | Research | Fletching |
| 22:32 | Build | House |
| 22:38 | Create | Villager (Male) |
| 22:38 | Create | Villager (Male) |
| 22:44 | Build | Farm |
| 22:50 | Create | Villager (Male) |
| 22:58 | Create | Villager (Male) |
| 23:10 | Build | House |
| 23:13 | Build | House |
| 23:50 | Build | Stone Wall |
| 23:53 | Create | Villager (Male) |
| 23:54 | Create | Villager (Male) |
| 23:55 | Create | Villager (Male) |
| 24:03 | Build | Archery Range |
| 24:07 | Build | Stable |
| 24:21 | Build | Castle |
| 24:25 | Create | Villager (Male) |
| 24:26 | Create | Villager (Male) |
| 24:26 | Create | Villager (Male) |
| 25:04 | Build | Castle |
| 25:52 | Create | Villager (Male) |
| 25:53 | Create | Villager (Male) |
| 25:53 | Create | Villager (Male) |
| 26:26 | Create | Villager (Male) |
| 26:26 | Create | Villager (Male) |
| 26:27 | Create | Villager (Male) |
| 27:17 | Create | Mangudai |
| 27:17 | Create | Mangudai |
| 27:17 | Create | Mangudai |
| 27:18 | Create | Mangudai |
| 27:18 | Create | Mangudai |
| 27:37 | Research | Thumb Ring |
| 27:40 | Research | Padded Archer Armor |
| 27:58 | Create | Mangudai |
| 29:00 | Create | Villager (Male) |
| 29:00 | Create | Villager (Male) |
| 29:01 | Create | Villager (Male) |
| 29:10 | Build | Farm |
| 29:18 | Create | Mangudai |
| 29:25 | Build | Mining Camp |
| 29:38 | Create | Mangudai |
| 29:43 | Build | Farm |
| 29:49 | Build | Farm |
| 30:15 | Build | Farm |
| 30:20 | Research | Leather Archer Armor |
| 30:26 | Create | Mangudai |
| 30:27 | Create | Mangudai |
| 30:29 | Create | Mangudai |
| 30:46 | Build | Stable |
| 30:50 | Create | Villager (Male) |
| 30:50 | Create | Villager (Male) |
| 30:51 | Create | Villager (Male) |
| 30:51 | Create | Villager (Male) |
| 30:51 | Create | Villager (Male) |
| 31:32 | Create | Mangudai |
| 32:19 | Create | Villager (Male) ×5 |
| 32:36 | Build | Farm |
| 32:36 | Build | Farm |
| 32:36 | Build | Farm |
| 32:37 | Build | Farm |
Match timeline
| 0:29 | SensoryCard9723 · wall_segment Palisade Wall x9 |
| 1:05 | castdaniel56 · wall_segment Palisade Wall x14 |
| 1:39 | Zulrah · wall_segment Palisade Wall x11 |
| 2:56 | castdaniel56 · wall_segment Palisade Wall x20 |
| 7:23 | SensoryCard9723 · wall_segment Palisade Wall x1 |
| 9:14 | wangzijia313 · wall_segment Palisade Wall x1 |
| 9:37 | SensoryCard9723 · wall_segment Palisade Wall x10 |
| 9:58 | wangzijia313 · wall_segment Palisade Wall x2 |
| 10:31 | SensoryCard9723 · wall_segment Palisade Wall x5 |
| 10:44 | wangzijia313 · wall_segment Palisade Wall x3 |
| 10:57 | SensoryCard9723 · wall_segment Palisade Wall x1 |
| 12:25 | castdaniel56 · age_up feudal |
| 14:04 | Zulrah · age_up feudal |
| 15:34 | Zulrah · wall_segment Stone Wall x1 |
| 15:35 | SensoryCard9723 · first_building Barracks |
| 15:36 | Zulrah · wall_segment Stone Wall x1 |
| 15:40 | Zulrah · wall_segment Stone Wall x1 |
| 15:42 | Zulrah · wall_segment Stone Wall x1 |
| 15:43 | Zulrah · wall_segment Stone Wall x1 |
| 15:46 | Zulrah · wall_segment Stone Wall x1 |
| 15:47 | Zulrah · wall_segment Stone Wall x1 |
| 15:48 | Zulrah · wall_segment Stone Wall x1 |
| 17:05 | wangzijia313 · age_up feudal |
| 18:07 | castdaniel56 · first_building Barracks |
| 18:44 | castdaniel56 · age_up castle |
| 18:57 | castdaniel56 · first_building Stable |
| 19:21 | wangzijia313 · wall_segment Stone Wall x1 |
| 19:42 | castdaniel56 · first_building Castle |
| 19:43 | wangzijia313 · wall_segment Stone Wall x3 |
| 19:53 | castdaniel56 · wall_segment Palisade Wall x3 |
| 19:54 | Zulrah · age_up castle |
| 21:37 | Zulrah · wall_segment Stone Wall x16 |
| 22:03 | Zulrah · first_building Barracks |
| 23:50 | Zulrah · wall_segment Stone Wall x1 |
| 23:51 | wangzijia313 · wall_segment Stone Wall x1 |
| 23:52 | wangzijia313 · wall_segment Stone Wall x1 |
| 23:54 | wangzijia313 · wall_segment Stone Wall x1 |
| 23:54 | wangzijia313 · wall_segment Stone Wall x1 |
| 23:55 | wangzijia313 · wall_segment Stone Wall x1 |
| 24:03 | Zulrah · first_building Archery Range |
| 24:07 | Zulrah · first_building Stable |
| 24:21 | Zulrah · first_building Castle |
| 24:53 | SensoryCard9723 · first_building Archery Range |
| 25:45 | wangzijia313 · wall_segment Stone Wall x1 |
| 25:58 | wangzijia313 · wall_segment Stone Wall x1 |
| 26:43 | castdaniel56 · first_building Monastery |
| 28:10 | wangzijia313 · age_up castle |
| 29:54 | wangzijia313 · first_building Monastery |
| 31:17 | SensoryCard9723 · first_market_buy 100 stone |
| 32:21 | SensoryCard9723 · first_market_sell 100 food |
| 32:27 | castdaniel56 · first_building Archery Range |
| 32:32 | SensoryCard9723 · first_building Castle |
| 32:57 | wangzijia313 · first_building Castle |
| 33:28 | SensoryCard9723 · first_building Monastery |
| 34:47 | wangzijia313 · wall_segment Stone Wall x1 |
| 34:52 | castdaniel56 · age_up imperial |
| 34:58 | wangzijia313 · wall_segment Stone Wall x3 |
| 35:22 | castdaniel56 · first_market_buy 100 wood |
| 36:03 | wangzijia313 · first_building Siege Workshop |
| 37:40 | castdaniel56 · first_market_sell 100 food |
| 39:23 | wangzijia313 · age_up imperial |
| 39:50 | wangzijia313 · wall_segment Stone Wall x1 |
| 42:09 | Zulrah · first_market_sell 100 wood |
| 42:54 | wangzijia313 · wall_segment Stone Wall x1 |
| 43:04 | wangzijia313 · wall_segment Stone Wall x1 |
| 43:11 | wangzijia313 · wall_segment Stone Wall x1 |
| 44:52 | wangzijia313 · wall_segment Stone Wall x1 |
| 45:22 | Zulrah · age_up imperial |
| 45:27 | wangzijia313 · wall_segment Stone Wall x1 |
| 46:54 | wangzijia313 · wall_segment Stone Wall x4 |
| 50:10 | Zulrah · resign |
| 50:41 | wangzijia313 · first_building Barracks |
[ AI ANALYSIS · 1 CREDIT ]
What really happened in this match?
Wolo.gg analyzes every decision: build order, eco, micro, common mistakes by bracket. Personalized analysis on WhatsApp or Discord in 30 seconds.
Civ guide
Goths
Perfil
Jugador #1002248